 Dungeon Crawl Stone Soup version 0.28-a0-1493-g08698888e4 (webtiles) character file.

Game seed: 6725946858701573357

23 iamoutofideas the Sneak (level 2, 0/13 HPs)
             Began as a Spriggan Enchanter on Jan 12, 2022.
             Succumbed to an adder's poison
             ... on level 2 of the Dungeon.
             The game lasted 00:01:21 (1868 turns).

iamoutofideas the Sneak (Spriggan Enchanter)        Turns: 1868, Time: 00:01:22

Health: 0/13       AC:  2    Str:  4    XL:     2   Next: 75%
Magic:  7/7        EV: 17    Int: 16    God:
Gold:   54         SH:  0    Dex: 15    Spells: 7/7 levels left

rFire   . . .      SeeInvis +   a - +1 dagger
rCold   . . .      Faith    .   (no shield)
rNeg    . . .      Spirit   .   b - +0 robe
rPois   .          Reflect  .   (helmet restricted)
rElec   .          Harm     .   (no cloak)
rCorr   .          Rampage  .   (gloves unavailable)
Will    .....                   (boots unavailable)
Stlth   +++.......              (no amulet)
HPRegen 0.04/turn               (no ring)
MPRegen 0.10/turn               (no ring)

@: lethally poisoned (0 -> -1), very quick
A: very small, no large weapons, unfitting armour, see invisible, speed 3
a: no special abilities


You were on level 2 of the Dungeon.
You visited 1 branch of the dungeon, and saw 2 of its levels.

You collected 54 gold pieces.

Inventory:

Hand Weapons
 a - a +1 dagger (weapon)
Armour
 b - a +0 robe (worn)
Jewellery
 k - a ring of protection from cold
 l - an amulet of regeneration
Scrolls
 g - a scroll of teleportation {unknown}
 h - 4 scrolls of identify {unknown}
 i - a scroll of noise {unknown}
 j - a scroll of amnesia {unknown}
 m - a scroll of enchant armour {unknown}
Potions
 c - a potion of invisibility
 d - a potion of mutation {unknown}
 e - a potion of brilliance {unknown}
 f - a potion of might {unknown}


   Skills:
 + Level 1.6 Short Blades
 + Level 2.8 Dodging
 + Level 5.1 Stealth
 + Level 3.1 Spellcasting
 + Level 3.8 Hexes


You had 7 spell levels left.
You didn't know any spells.
Your spell library contained the following spells:

 Spells                   Type           Power      Damage    Failure   Level
 Confusing Touch          Hex            14%        N/A       12%         3
 Tukima's Dance           Hex            14%        N/A       12%         3
 Ensorcelled Hibernation  Hex/Ice        16%        N/A       13%         2
 Dazzling Flash           Conj/Hex       16%        N/A       26%         3
 Gell's Gravitas          Tloc           2%         N/A       50%         3
 Lesser Beckoning         Tloc           2%         N/A       50%         3
 Teleport Other           Tloc           2%         N/A       50%         3


Dungeon Overview and Level Annotations

Branches:
Dungeon (2/15)

Altars:


Innate Abilities, Weirdness & Mutations

You are very small and have problems with some larger weapons.
You are too small for most types of armour.
You have supernaturally acute eyesight. (SInv)
You cover ground extremely quickly. (Speed+++)


Message History

The giant cockroach completely misses you.
You closely miss the giant cockroach.
The giant cockroach bites you but does no damage.
You hit the giant cockroach but do no damage.
The giant cockroach closely misses you.
You hit the giant cockroach but do no damage.
The giant cockroach barely misses you.
You hit the giant cockroach.
The giant cockroach is moderately wounded.
The adder hisses angrily.
The giant cockroach barely misses you.
You hit the giant cockroach.
The giant cockroach is severely wounded.
The giant cockroach barely misses you. The giant cockroach bites you.
You hit the giant cockroach.
You kill the giant cockroach!
The adder bites you.
You are poisoned.
The adder poisons you! The adder barely misses you.
You barely miss the adder.
You feel sick. The adder closely misses you.
You are too injured to fight recklessly!
You hit the adder.
The adder is moderately wounded.
The adder closely misses you.
You hit the adder but do no damage.
The adder is moderately wounded.
You feel sick. The adder misses you.
You hit the adder.
The adder is heavily wounded.
* * * LOW HITPOINT WARNING * * *
You feel sick. The adder closely misses you.
You completely miss the adder.
The adder is heavily wounded.
* * * LOW HITPOINT WARNING * * *
You feel sick. The adder bites you.
* * * LOW HITPOINT WARNING * * *
The adder misses you.
You hit the adder.
The adder is severely wounded.
You die...

..##.###.#
..##)#.#.#####
..##.#........
#.##.#.#.#####
#########.#..#.#.#
#......<#.#.##.#.#
#.###.....#....#.#
#...S..##.######.#
#....@.##^.......#####
.........##.....)..(....
.........###############
..(......# .........#
.........# ....)....#
>........#


You could see an adder.

Vanquished Creatures
  A bat (D:1)
  2 endoplasms
  2 giant cockroaches
  2 goblins
  A hobgoblin (D:1)
  4 jackals (D:1)
  A frilled lizard (D:2)
  6 kobolds
  3 rats (D:1)
22 creatures vanquished.

Notes
Turn   | Place    | Note
-------+----------+-------------------------------------------
     0 | D:1      | iamoutofideas the Spriggan Enchanter began the quest for
                  | the Orb.
     0 | D:1      | Reached XP level 1. HP: 9/9 MP: 5/5
   474 | D:1      | Reached XP level 2. HP: 6/13 MP: 7/7
   866 | D:1      | Reached skill level 5 in Stealth
  1290 | D:1      | Found a faded altar of an unknown god.
  1868 | D:2      | Succumbed to an adder's poison

Illustrated notes

Levels and vault maps discovered:
D:1:      tarquinn_simple_flora_water_f, layout_basic,
          shapermc_ecumenical_altar_mp_vishouse, serial_bayou_crossing
D:2:      layout_basic, grunt_ministairs_8, uniq_terence

Skill      XL: |  1  2 |
---------------+-------+-----
Spellcasting   | 3 |  3.1
Stealth        | 5 |  5.1
Short Blades   | |  1.6
Dodging        | |  2.8
Hexes          | |  3.8

Action                   || total
-------------------------++-------
Melee: Dagger            ||   111
 Stab: Sleeping          ||     8
       Distracted        ||     1
Armor: Robe              ||     9
Dodge: Dodged            ||    87

Table legend: (Time is in decaauts)
 A = Elapsed time spent in this place.
 B = Non-inter-level travel time spent in this place.
 C = Inter-level travel time spent in this place.
 D = Time resting spent in this place.
 E = Time spent auto-exploring this place.
 F = Levels seen in this place.
 G = Mean time per level.
                   A        B        C        D        E       F      G
               +--------+--------+--------+--------+--------+-----+--------+
         Total |   1531 |   1519 |     12 |    379 |    947 |   2 |  765.5 |
       Dungeon |   1531 |   1519 |     12 |    379 |    947 |   2 |  765.5 |
               +--------+--------+--------+--------+--------+-----+--------+

Top non-repeatable levels by time:
     D:1: 1268 daAuts
     D:2: 263 daAuts
